General information
- name: BNet
- type: Ladder team game (AT/RT)
- host: Battle.net
- saver: FriendlyTyler
map: Monsoon
- players: 6
- length: 30:45
- speed: Fast
- version: 1.27 W3XP
- replay type:

» download(273 KB)
Players
team 1 (winner)
FriendlyTyler (
yellow | 121 APM | 3732 actions | 30:45)
6 Warden
3 Shadow Strike
3 Blink
» actions
| Assign group hotkey | 9 | |
| Basic commands | 4 | |
| Build / train | 79 | |
| Enter build submenu | 28 | |
| Enter hero's abilities submenu | 6 | |
| Give item / drop item | 1 | |
| Remove unit from queue | 5 | |
| Right click | 2696 | |
| Select / deselect | 215 | |
| Select group hotkey | 536 | |
| Use ability | 151 | |
3732 total
» units
» upgrades
| Ultravision | 1 | |
| Strength of the Wild | 2 | |
| Well Spring | 1 | |
| Nature's Blessing | 1 | |
| Reinforced Hides | 1 | |
6 total
» buildings
| Altar of Elders | 1 | |
| Moon Well | 20 | |
| Tree of Life | 3 | |
| Tree of Ages | 1 | |
| Hunter's Hall | 1 | |
| Tree of Eternity | 2 | |
| Ancient of Wonders | 1 | |
| Ancient of Wind | 1 | |
30 total
» build order
00:10 Altar of Elders
00:32 Moon Well
02:48 Moon Well
07:03 Tree of Life
07:06 Tree of Life
07:45 Tree of Ages
09:54 Hunter's Hall
11:13 Tree of Eternity
11:13 Tree of Eternity
11:22 Ancient of Wonders
11:34 Moon Well
11:37 Moon Well
11:42 Moon Well
13:39 Ancient of Wind
14:08 Tree of Life
17:02 Moon Well
17:04 Moon Well
18:02 Moon Well
18:14 Moon Well
18:19 Moon Well
18:20 Moon Well
19:12 Moon Well
21:03 Moon Well
21:04 Moon Well
21:05 Moon Well
21:08 Moon Well
21:09 Moon Well
21:59 Moon Well
23:05 Moon Well
23:19 Moon Well
» items
| Boots of Speed | 1 | |
| Staff of Teleportation | 1 | |
| Lesser Clarity Potion | 1 | |
| Healing Salve | 1 | |
| Orb of Lightning | 1 | |
| Scroll of Town Portal | 1 | |
6 total
IShaneMeMySHANE (
teal | 114 APM | 3500 actions | 30:44)
6 Blademaster
3 Wind Walk
2 Critical Strike
1 Bladestorm
» actions
| Assign group hotkey | 99 | |
| Basic commands | 18 | |
| Build / train | 98 | |
| ESC pressed | 4 | |
| Enter build submenu | 50 | |
| Enter hero's abilities submenu | 6 | |
| Give item / drop item | 15 | |
| Remove unit from queue | 2 | |
| Right click | 2131 | |
| Select / deselect | 476 | |
| Select group hotkey | 331 | |
| Use ability | 270 | |
3500 total
» units
| Peon | 20 | |
| Troll Batrider | 25 | |
| Ogre Magi | 1 | |
46 total
» upgrades
| Spiked Barricades | 0 | |
| Liquid Fire | 1 | |
| Ranged Weapons | 3 | |
| Reinforced Defenses | 2 | |
| Armor | 2 | |
8 total
» buildings
| Orc Burrow | 4 | |
| Altar of Storms | 1 | |
| War Mill | 1 | |
| Voodoo Lounge | 3 | |
| Watch Tower | 19 | |
| Stronghold | 2 | |
| Fortress | 2 | |
| Beastiary | 2 | |
| Great Hall | 1 | |
35 total
» build order
00:14 Orc Burrow
00:20 Altar of Storms
00:42 War Mill
01:27 Voodoo Lounge
01:59 Watch Tower
02:24 Watch Tower
02:43 Orc Burrow
02:54 Watch Tower
03:22 Watch Tower
03:46 Stronghold
03:47 Stronghold
04:07 Watch Tower
04:17 Watch Tower
04:57 Watch Tower
05:20 Watch Tower
05:21 Watch Tower
06:09 Watch Tower
06:17 Fortress
06:17 Fortress
06:26 Watch Tower
06:28 Watch Tower
06:48 Beastiary
07:03 Beastiary
07:33 Watch Tower
08:24 Voodoo Lounge
08:27 Voodoo Lounge
09:20 Watch Tower
09:32 Orc Burrow
11:19 Orc Burrow
11:36 Watch Tower
11:38 Watch Tower
11:41 Watch Tower
11:42 Watch Tower
12:17 Great Hall
12:59 Watch Tower
» items
| Healing Salve | 3 | |
| Lesser Clarity Potion | 6 | |
| Boots of Speed | 1 | |
| Staff of Teleportation | 1 | |
| Orb of Lightning | 2 | |
| Scroll of Town Portal | 2 | |
15 total
TimeToToupee (
orange | 140 APM | 4314 actions | 30:44)
5 Archmage
3 Blizzard
2 Brilliance Aura
3 Mountain King
2 Storm Bolt
1 Bash
4 Paladin
2 Holy Light
2 Divine Shield
» actions
| Assign group hotkey | 9 | |
| Basic commands | 86 | |
| Build / train | 168 | |
| ESC pressed | 2 | |
| Enter build submenu | 137 | |
| Enter hero's abilities submenu | 13 | |
| Give item / drop item | 6 | |
| Right click | 1679 | |
| Select / deselect | 401 | |
| Select group hotkey | 1333 | |
| Use ability | 480 | |
4314 total
» units
» upgrades
» buildings
| Altar of Kings | 1 | |
| Farm | 3 | |
| Lumber Mill | 1 | |
| Scout Tower | 293 | |
| Arcane Tower | 7 | |
| Guard Tower | 97 | |
| Town Hall | 1 | |
| Keep | 1 | |
| Castle | 1 | |
| Arcane Sanctum | 1 | |
| Arcane Vault | 2 | |
408 total
» build order
00:26 Altar of Kings
00:28 Farm
00:30 Farm
00:31 Farm
00:39 Lumber Mill
00:57 Scout Tower
01:11 Scout Tower
01:31 Arcane Tower
01:33 Scout Tower
01:43 Arcane Tower
01:43 Arcane Tower
01:43 Arcane Tower
01:50 Scout Tower
02:05 Guard Tower
02:06 Guard Tower
02:10 Scout Tower
02:16 Scout Tower
02:21 Guard Tower
02:21 Guard Tower
02:21 Guard Tower
02:39 Scout Tower
02:45 Guard Tower
02:48 Scout Tower
02:48 Scout Tower
02:51 Guard Tower
02:53 Scout Tower
02:57 Scout Tower
02:57 Scout Tower
03:00 Scout Tower
03:19 Guard Tower
03:19 Guard Tower
03:21 Scout Tower
03:22 Scout Tower
03:42 Guard Tower
03:44 Scout Tower
03:45 Scout Tower
03:51 Arcane Tower
03:52 Guard Tower
05:00 Town Hall
05:13 Guard Tower
05:15 Scout Tower
05:16 Scout Tower
05:20 Guard Tower
05:22 Scout Tower
05:22 Scout Tower
05:23 Scout Tower
05:50 Guard Tower
05:52 Scout Tower
05:52 Scout Tower
05:53 Scout Tower
05:54 Scout Tower
06:24 Guard Tower
06:45 Keep
06:47 Scout Tower
06:48 Scout Tower
06:48 Scout Tower
06:49 Scout Tower
06:59 Guard Tower
07:20 Guard Tower
07:49 Guard Tower
07:49 Guard Tower
07:54 Scout Tower
07:55 Scout Tower
07:57 Scout Tower
07:58 Scout Tower
08:04 Scout Tower
08:05 Scout Tower
08:06 Scout Tower
08:06 Scout Tower
08:07 Scout Tower
08:07 Scout Tower
08:08 Scout Tower
08:09 Scout Tower
08:56 Guard Tower
09:00 Scout Tower
09:00 Scout Tower
09:01 Scout Tower
09:03 Guard Tower
09:27 Castle
09:38 Arcane Sanctum
09:42 Scout Tower
09:43 Scout Tower
09:44 Scout Tower
09:44 Scout Tower
09:46 Scout Tower
09:47 Scout Tower
09:48 Scout Tower
09:50 Scout Tower
09:51 Guard Tower
09:52 Guard Tower
10:25 Guard Tower
11:22 Guard Tower
11:24 Arcane Vault
11:24 Arcane Vault
11:33 Guard Tower
11:35 Scout Tower
11:35 Scout Tower
11:36 Scout Tower
12:20 Guard Tower
12:22 Scout Tower
12:23 Scout Tower
12:23 Scout Tower
12:24 Scout Tower
12:24 Scout Tower
12:31 Guard Tower
12:35 Scout Tower
12:36 Scout Tower
12:36 Scout Tower
12:36 Scout Tower
12:37 Scout Tower
12:37 Scout Tower
12:48 Scout Tower
12:48 Scout Tower
12:49 Scout Tower
12:51 Scout Tower
12:55 Guard Tower
12:58 Scout Tower
12:59 Scout Tower
12:59 Scout Tower
13:00 Scout Tower
14:08 Guard Tower
14:10 Scout Tower
14:11 Scout Tower
14:12 Scout Tower
14:12 Scout Tower
14:15 Guard Tower
14:15 Guard Tower
15:00 Guard Tower
15:03 Scout Tower
15:03 Scout Tower
15:04 Scout Tower
15:05 Scout Tower
15:07 Guard Tower
15:09 Scout Tower
15:10 Scout Tower
15:11 Scout Tower
15:11 Scout Tower
15:16 Guard Tower
15:18 Scout Tower
15:18 Scout Tower
15:19 Scout Tower
15:22 Scout Tower
15:23 Scout Tower
15:23 Scout Tower
15:24 Scout Tower
15:25 Scout Tower
15:25 Scout Tower
15:26 Scout Tower
15:27 Scout Tower
15:28 Scout Tower
15:30 Scout Tower
15:32 Scout Tower
15:33 Scout Tower
15:34 Scout Tower
15:35 Scout Tower
15:36 Scout Tower
15:36 Scout Tower
15:37 Scout Tower
15:38 Scout Tower
15:38 Scout Tower
15:39 Scout Tower
15:39 Scout Tower
15:55 Guard Tower
16:14 Guard Tower
16:17 Scout Tower
16:18 Scout Tower
16:18 Scout Tower
16:19 Scout Tower
16:23 Guard Tower
16:23 Guard Tower
16:24 Guard Tower
16:49 Guard Tower
16:51 Scout Tower
16:51 Scout Tower
16:52 Scout Tower
16:53 Scout Tower
16:53 Scout Tower
16:54 Scout Tower
16:55 Scout Tower
16:56 Scout Tower
16:56 Scout Tower
16:57 Scout Tower
16:57 Scout Tower
16:57 Scout Tower
16:59 Scout Tower
17:02 Scout Tower
17:03 Scout Tower
17:30 Guard Tower
17:36 Guard Tower
17:56 Guard Tower
17:58 Scout Tower
17:59 Scout Tower
17:59 Scout Tower
18:00 Scout Tower
18:02 Scout Tower
18:03 Scout Tower
18:03 Scout Tower
18:04 Scout Tower
18:05 Guard Tower
18:06 Guard Tower
18:09 Scout Tower
18:10 Scout Tower
18:11 Scout Tower
18:11 Scout Tower
18:12 Scout Tower
18:13 Scout Tower
18:20 Guard Tower
19:15 Guard Tower
19:17 Scout Tower
19:19 Scout Tower
19:19 Scout Tower
19:21 Scout Tower
19:22 Scout Tower
20:08 Guard Tower
20:48 Guard Tower
20:51 Scout Tower
20:52 Scout Tower
20:53 Scout Tower
20:54 Scout Tower
21:38 Guard Tower
21:40 Scout Tower
21:41 Scout Tower
21:42 Scout Tower
21:55 Guard Tower
21:56 Scout Tower
21:57 Scout Tower
21:58 Scout Tower
21:58 Scout Tower
21:59 Scout Tower
22:12 Guard Tower
22:13 Scout Tower
22:14 Scout Tower
22:15 Scout Tower
22:15 Scout Tower
22:16 Scout Tower
22:16 Scout Tower
22:18 Scout Tower
22:18 Scout Tower
22:20 Guard Tower
22:22 Scout Tower
22:24 Scout Tower
22:24 Scout Tower
22:26 Scout Tower
22:26 Scout Tower
22:34 Guard Tower
23:02 Arcane Tower
23:10 Guard Tower
23:14 Scout Tower
23:15 Scout Tower
23:15 Scout Tower
23:16 Scout Tower
23:22 Scout Tower
23:22 Scout Tower
23:31 Scout Tower
23:32 Scout Tower
23:33 Scout Tower
23:33 Scout Tower
23:34 Scout Tower
23:34 Scout Tower
23:35 Scout Tower
23:36 Scout Tower
23:37 Scout Tower
23:38 Guard Tower
23:42 Scout Tower
23:43 Scout Tower
23:43 Scout Tower
23:44 Scout Tower
23:44 Scout Tower
23:47 Scout Tower
23:47 Scout Tower
23:48 Scout Tower
23:49 Scout Tower
23:49 Scout Tower
23:50 Scout Tower
23:51 Scout Tower
23:52 Guard Tower
24:51 Guard Tower
24:53 Guard Tower
24:58 Scout Tower
24:59 Scout Tower
24:59 Scout Tower
25:00 Scout Tower
25:01 Scout Tower
25:03 Scout Tower
25:04 Scout Tower
25:04 Scout Tower
25:05 Scout Tower
25:06 Scout Tower
25:08 Guard Tower
25:08 Guard Tower
25:16 Guard Tower
25:19 Scout Tower
25:20 Scout Tower
25:20 Scout Tower
25:20 Scout Tower
25:21 Scout Tower
25:22 Scout Tower
25:22 Scout Tower
25:23 Scout Tower
25:23 Scout Tower
25:25 Guard Tower
25:28 Scout Tower
25:28 Scout Tower
25:29 Scout Tower
25:29 Scout Tower
25:31 Guard Tower
25:40 Guard Tower
25:42 Scout Tower
25:43 Scout Tower
25:43 Scout Tower
25:44 Scout Tower
25:44 Scout Tower
25:46 Guard Tower
25:47 Scout Tower
25:48 Scout Tower
25:49 Scout Tower
25:50 Scout Tower
25:51 Scout Tower
25:51 Scout Tower
25:52 Scout Tower
25:53 Scout Tower
25:53 Scout Tower
25:54 Guard Tower
25:55 Guard Tower
25:57 Scout Tower
25:58 Scout Tower
25:58 Scout Tower
25:58 Scout Tower
25:59 Scout Tower
25:59 Scout Tower
26:09 Guard Tower
26:10 Scout Tower
26:11 Scout Tower
26:12 Scout Tower
26:12 Scout Tower
26:13 Scout Tower
26:14 Scout Tower
26:14 Scout Tower
26:15 Scout Tower
26:16 Guard Tower
26:19 Guard Tower
26:21 Guard Tower
26:33 Scout Tower
26:34 Scout Tower
26:35 Scout Tower
26:36 Scout Tower
26:37 Scout Tower
26:38 Scout Tower
26:39 Scout Tower
26:40 Scout Tower
26:42 Guard Tower
26:47 Scout Tower
26:48 Scout Tower
26:49 Scout Tower
26:49 Scout Tower
26:50 Scout Tower
26:50 Scout Tower
26:51 Scout Tower
26:52 Scout Tower
26:53 Scout Tower
26:54 Scout Tower
26:56 Guard Tower
27:04 Guard Tower
27:07 Guard Tower
27:15 Scout Tower
27:16 Scout Tower
27:18 Scout Tower
27:21 Scout Tower
27:22 Scout Tower
27:23 Scout Tower
27:24 Scout Tower
27:27 Scout Tower
27:27 Scout Tower
27:28 Scout Tower
27:29 Scout Tower
27:31 Guard Tower
27:38 Guard Tower
27:38 Guard Tower
27:38 Guard Tower
27:38 Guard Tower
27:39 Guard Tower
27:47 Scout Tower
28:20 Scout Tower
28:21 Scout Tower
28:22 Scout Tower
28:22 Scout Tower
28:25 Guard Tower
28:32 Guard Tower
28:32 Guard Tower
28:33 Guard Tower
28:33 Guard Tower
28:55 Guard Tower
29:12 Guard Tower
29:14 Scout Tower
29:15 Scout Tower
29:15 Scout Tower
29:16 Scout Tower
30:16 Guard Tower
30:22 Scout Tower
30:23 Scout Tower
» items
| Staff of Teleportation | 3 | |
| Boots of Speed | 3 | |
| Healing Salve | 1 | |
| Staff of Sanctuary | 3 | |
| Orb of Lightning | 7 | |
17 total
team 2 (loser)
7rainyDays (
pink | 70 APM | 2144 actions | 30:43)
4 Blademaster
2 Wind Walk
2 Critical Strike
2 Shadow Hunter
1 Hex
1 Healing Wave
» actions
| Assign group hotkey | 29 | |
| Basic commands | 4 | |
| Build / train | 69 | |
| Enter build submenu | 15 | |
| Enter hero's abilities submenu | 6 | |
| Give item / drop item | 2 | |
| Remove unit from queue | 1 | |
| Right click | 964 | |
| Select / deselect | 282 | |
| Select group hotkey | 690 | |
| Use ability | 82 | |
2144 total
» units
| Peon | 21 | |
| Grunt | 4 | |
| Wind Rider | 10 | |
| Demolisher | 1 | |
| Troll Batrider | 2 | |
| Raider | 7 | |
45 total
» upgrades
| Ranged Weapons | 2 | |
| Armor | 1 | |
| Ensnare | 1 | |
4 total
» buildings
| Altar of Storms | 1 | |
| Orc Burrow | 6 | |
| Barracks | 1 | |
| Stronghold | 1 | |
| War Mill | 1 | |
| Beastiary | 2 | |
| Voodoo Lounge | 2 | |
| Great Hall | 1 | |
15 total
» build order
00:20 Altar of Storms
00:23 Orc Burrow
00:54 Barracks
01:41 Orc Burrow
02:38 Stronghold
03:29 War Mill
03:32 Orc Burrow
05:06 Beastiary
05:08 Beastiary
05:15 Orc Burrow
07:31 Orc Burrow
07:58 Voodoo Lounge
10:40 Voodoo Lounge
13:01 Orc Burrow
13:07 Great Hall
» items
| Healing Salve | 3 | |
| Potion of Healing | 2 | |
| Lesser Clarity Potion | 1 | |
| Scroll of Speed | 1 | |
| Scroll of Protection | 1 | |
| Scroll of Healing | 1 | |
| Potion of Lesser Invulnerability | 1 | |
10 total
iow (
green | 144 APM | 4405 actions | 30:37)
4 Priestess of the Moon
2 Trueshot Aura
2 Scout
» actions
| Assign group hotkey | 47 | |
| Basic commands | 148 | |
| Build / train | 117 | |
| ESC pressed | 5 | |
| Enter build submenu | 28 | |
| Enter hero's abilities submenu | 4 | |
| Give item / drop item | 1 | |
| Right click | 1859 | |
| Select / deselect | 555 | |
| Select group hotkey | 1500 | |
| Use ability | 139 | |
4405 total
» units
| Wisp | 52 | |
| Archer | 2 | |
| Hippogryph | 12 | |
| Chimaera | 24 | |
90 total
» upgrades
| Nature's Blessing | 1 | |
| Strength of the Wild | 3 | |
| Reinforced Hides | 4 | |
| Corrosive Breath | 1 | |
| Well Spring | 1 | |
10 total
» buildings
| Altar of Elders | 1 | |
| Moon Well | 8 | |
| Ancient of War | 1 | |
| Hunter's Hall | 2 | |
| Ancient Protector | 7 | |
| Tree of Ages | 3 | |
| Tree of Life | 2 | |
| Ancient of Wind | 2 | |
| Tree of Eternity | 1 | |
| Chimaera Roost | 2 | |
| Ancient of Wonders | 1 | |
30 total
» build order
00:09 Altar of Elders
00:20 Moon Well
01:51 Ancient of War
01:53 Hunter's Hall
01:56 Hunter's Hall
02:13 Moon Well
03:05 Ancient Protector
03:15 Ancient Protector
03:52 Tree of Ages
03:52 Tree of Ages
03:52 Tree of Ages
04:56 Moon Well
05:00 Moon Well
05:10 Tree of Life
06:30 Ancient of Wind
06:36 Tree of Eternity
08:33 Ancient of Wind
09:05 Chimaera Roost
10:35 Chimaera Roost
12:00 Moon Well
14:01 Moon Well
14:04 Moon Well
15:30 Tree of Life
16:37 Ancient Protector
23:00 Moon Well
25:40 Ancient Protector
25:41 Ancient Protector
25:41 Ancient Protector
27:35 Ancient of Wonders
27:43 Ancient Protector
» items
| Dust of Appearance | 1 | |
| Rod of Necromancy | 1 | |
2 total
wertz. (
purple | 93 APM | 2860 actions | 30:41)
5 Death Knight
3 Death Coil
2 Unholy Aura
1 Lich
1 Frost Nova
» actions
| Assign group hotkey | 68 | |
| Basic commands | 1 | |
| Build / train | 108 | |
| ESC pressed | 11 | |
| Enter build submenu | 19 | |
| Enter hero's abilities submenu | 6 | |
| Give item / drop item | 4 | |
| Right click | 1357 | |
| Select / deselect | 361 | |
| Select group hotkey | 783 | |
| Use ability | 142 | |
2860 total
» units
| Acolyte | 9 | |
| Ghoul | 3 | |
| Crypt Fiend | 39 | |
| Obsidian Statue | 18 | |
| Meatwagon | 4 | |
73 total
» upgrades
| Web | 1 | |
| Creature Carapace | 3 | |
| Creature Attack | 3 | |
| Burrow | 1 | |
| Destroyer Form | 1 | |
9 total
» buildings
| Graveyard | 1 | |
| Crypt | 1 | |
| Ziggurat | 10 | |
| Altar of Darkness | 1 | |
| Tomb of Relics | 1 | |
| Nerubian Tower | 2 | |
| Halls of the Dead | 1 | |
| Slaughterhouse | 1 | |
| Black Citadel | 2 | |
| Sacrificial Pit | 1 | |
21 total
» build order
00:15 Graveyard
00:16 Crypt
00:36 Ziggurat
00:54 Altar of Darkness
02:14 Ziggurat
03:13 Ziggurat
03:25 Tomb of Relics
04:08 Nerubian Tower
04:11 Nerubian Tower
05:07 Halls of the Dead
06:07 Ziggurat
07:03 Ziggurat
08:54 Ziggurat
10:06 Ziggurat
11:53 Ziggurat
12:31 Slaughterhouse
14:19 Black Citadel
15:36 Sacrificial Pit
28:16 Ziggurat
28:18 Ziggurat
» items
| Rod of Necromancy | 1 | |
| Scroll of Town Portal | 2 | |
| Dust of Appearance | 1 | |
| Orb of Corruption | 1 | |
| Potion of Healing | 2 | |
| Potion of Mana | 1 | |
| Scroll of Healing | 1 | |
9 total
Chat log
(00:02 / All) FriendlyTyler: pp
(00:03 / All) TimeToToupee: 1 sec please
(00:03 / All) FriendlyTyler: 1 sec
(00:05 / All) TimeToToupee: my friend he not here
(00:07 / All) 7rainyDays: he gay
(01:06 / All) TimeToToupee: Good Luck Have Fun! :-)
(01:10 / All) iow: glhf
(01:10 / All) 7rainyDays: u too
(01:14 / All) FriendlyTyler: Thanks for searching =-)
(01:21 / All) iow: ?
(01:26 / All) FriendlyTyler: hard to find a game these days
(01:31 / All) iow: w3arena
(01:33 / All) FriendlyTyler: no 3s
(01:36 / All) iow: there you find games
(01:38 / All) iow: but no3
(01:38 / All) IShaneMeMySHANE: in 3s?
(01:39 / All) iow: yeah
(03:59 / All) iow: hmm
(04:04 / All) iow: what now
(06:36 / All) 7rainyDays: gj
(10:11 / All) FriendlyTyler: LOL
(10:13 / All) TimeToToupee: hold on
(12:05 / All) iow: LOL
(12:06 / All) iow: MOOBN
(12:09 / All) iow: HAHAHA
(12:09 / All) 7rainyDays: noob
(20:45 / All) FriendlyTyler: NOOBS
(20:54 / All) 7rainyDays: mass tower noobs
(22:03 / All) IShaneMeMySHANE: uhm ?
(22:09 / All) FriendlyTyler: you just about done with those himps?
(23:29 / All) FriendlyTyler: just kill our heroes
(23:31 / All) FriendlyTyler: you win
(23:32 / All) FriendlyTyler: easy
(23:36 / All) 7rainyDays: just dont be so gay
(23:41 / All) FriendlyTyler: thats really rude
(26:03 / All) 7rainyDays: u are really gay
(26:07 / All) 7rainyDays: mass towering
(26:12 / All) FriendlyTyler: its allowed though right?
(26:23 / All) 7rainyDays: its really gay
(26:29 / All) FriendlyTyler: but can i do it?
(26:32 / All) IShaneMeMySHANE: we just trying to win
(26:34 / All) IShaneMeMySHANE: seems to be working
(26:45 / All) FriendlyTyler: where are you guys from? they don't have towers there?
(26:59 / All) iow: wow
(27:04 / All) iow: thats wehy no one is searching 3on3
(27:09 / All) FriendlyTyler: : - {
(27:19 / All) iow: because of retarded fucks like you
(27:26 / All) FriendlyTyler: sorry man i gotta say that's extremely rude
(30:38 / All) FriendlyTyler: guys are you bad?
(30:41 / All) TimeToToupee: cya b1tch